 Dungeon Crawl Stone Soup version 0.28.0-47-ge53b351184 (webtiles) character file.

Game seed: 6977485072900056723

157 RatsInWalls the Ruffian (level 5, -2/39 HPs)
             Began as a Human Wanderer on May 9, 2022.
             Was a Plaything of Xom.
             Slain by an orc priest
             ... wielding a +2 vorpal hand axe
              (5 damage)
             ... on level 3 of the Dungeon.
             The game lasted 00:06:51 (4053 turns).

RatsInWalls the Ruffian (Human Wanderer)            Turns: 4053, Time: 00:06:52

Health: -2/39      AC:  5    Str: 16    XL:     5   Next: 66%
Magic:  13/13      EV: 11    Int: 10    God:    Xom [.*....]
Gold:   146        SH:  0    Dex: 11    Spells: 4/4 levels left

rFire   . . .      SeeInvis +     - Unarmed
rCold   . . .      Faith    .   (no shield)
rNeg    . . .      Spirit   .   e - +0 ring mail
rPois   .          Reflect  .   (no helmet)
rElec   .          Harm     .   (no cloak)
rCorr   .          Rampage  .   y - +0 pair of gloves
Will    .....                   u - +0 pair of boots
Stlth   +.........              (no amulet)
HPRegen 0.13/turn               v - ring of see invisible
MPRegen 0.13/turn               r - ring of magical power

@: hasted, very quick
A: clumsy 1, deformed body, low MP 1, screaming 2
a: Renounce Religion


You were on level 3 of the Dungeon.
You worshipped Xom.
You were a plaything of Xom.
You visited 1 branch of the dungeon, and saw 4 of its levels.

You collected 146 gold pieces.

Inventory:

Hand Weapons
 a - a +0 shortbow
 f - a +0 broad axe
 m - the +5 falchion of the Saving Augurer {antimagic, Fly rCorr Str-3}
   (You found it on level 2 of the Dungeon)

   It reduces the magical energy of the wielder, and disrupts the spells and
   magical abilities of those it strikes.
   Natural abilities and divine invocations are not affected.
   Str:       It affects your strength (-3).
   Fly:       It grants you flight.
   rCorr:     It protects you from acid and corrosion.
Missiles
 d - 40 arrows
 i - 12 curare-tipped darts (quivered)
 l - 131 stones
Armour
 e - a +0 ring mail (worn)
 u - a +0 pair of boots (worn)
 y - a +0 pair of gloves (worn)
Magical Staves
 k - a staff of poison
Jewellery
 r - a ring of magical power (right hand)
 v - a ring of see invisible (left hand)
Scrolls
 g - a scroll of enchant armour {unknown}
 q - a scroll of amnesia
 w - 2 scrolls of immolation {unknown}
Potions
 c - a potion of berserk rage
 h - 2 potions of ambrosia {unknown}
 n - a potion of heal wounds {unknown}
 o - a potion of might {unknown}
 p - a potion of brilliance {unknown}
 s - a potion of lignification {unknown}
 t - a potion of mutation {unknown}


   Skills:
 + Level 2.5 Fighting
 + Level 1.2 Long Blades
 - Level 2.0 Bows
 + Level 3.1 Armour
 + Level 2.5 Dodging
 + Level 1.9 Stealth
 - Level 4.0 Unarmed Combat


You had 4 spell levels left.
You didn't know any spells.
Your spell library was empty.

Dungeon Overview and Level Annotations

Branches:
Dungeon (4/15)
 Temple: D:4-7

Altars:
Hepliaklqana
Okawaru
Xom
The Shining One

Annotations:
D:4 Natasha


Innate Abilities, Weirdness & Mutations

You are clumsy. (Dex -2)
Armour fits poorly on your strangely shaped body.
Your magical capacity is low. (-10% MP)
You frequently scream uncontrollably at your foes.


Message History

Found 2 poisoned darts and a metallic cyan potion.
Found an escape hatch in the ceiling.
The orc shouts!
The orc priest shouts!
The goblin shouts!
You hear a shout! x4
The orc priest invokes the aid of Beogh against you.
Pain shoots through your body! The goblin barely misses you.
The hobgoblin moves out of view.
The dart slug moves out of view.
The quokka moves out of view.
Unknown command.
The goblin barely misses you. The goblin hits you but does no damage.
A quokka comes into view.
The orc priest hits you with a +2 vorpal hand axe.
There is an escape hatch in the ceiling here.
The goblin misses you. The orc priest closely misses you.
The goblin barely misses you. A mysterious force pulls you upwards.
The hatch slams shut behind you.
Unknown command.
You barely miss the orc priest. The goblin hits you but does no damage.
The orc priest completely misses you. The goblin hits you with a +0 club.
You hit the orc priest.
The orc priest is moderately wounded.
The goblin hits you but does no damage.
The orc priest mumbles some strange prayers to Beogh against you.
Pain shoots through your body!
* * * LOW HITPOINT WARNING * * *
The goblin hits you with a +0 club.
* * * LOW HITPOINT WARNING * * *
Unknown command.
You feel yourself speed up. The goblin hits you but does no damage.
The orc priest hits you with a +2 vorpal hand axe.
* * * LOW HITPOINT WARNING * * *
x2 The goblin hits you but does no damage.
You punch the orc priest!
The orc priest is severely wounded.
You hit the orc priest.
The orc priest is almost dead.
The goblin hits you with a +0 club.
* * * LOW HITPOINT WARNING * * *
The orc priest hits you with a +2 vorpal hand axe.
You die...

.....#.#
#.# #...#
.....#.#
#.# #.###
.....#.#
#.#
#.#######
##...#.#
#.#
#.#.....#
#####.#
#.#
#.#.###.#
#.# #.#
#.#.# #)#
######.#
#.# #.#.#
#.#
.....#.#
#.# #.#o#
#.#
####.#.#
#.###.#@#
#.#
.......#
#.....gg#
#.#
.......#
#####.###
#.#
.......#
#.# #.#
####'#.#
#.#####.##
#.#.#
#........#
####.#.#
##########
......>#
####.#.#


You could see an orc priest and 2 goblins.

Vanquished Creatures
  2 lemures (D:4)
  A centaur skeleton (D:4)
  Natasha (D:4)
  3 adders
  A worm (D:3)
  2 dart slugs
  An orc (D:3)
  5 ball pythons
  8 bats
  6 endoplasms
  A giant cockroach (D:2)
  7 goblins
  5 hobgoblins
  6 jackals
  6 kobolds
  5 frilled lizards
  8 rats
68 creatures vanquished.

Notes
Turn   | Place    | Note
-------+----------+-------------------------------------------
     0 | D:1      | RatsInWalls the Human Wanderer began the quest for the Orb.
     0 | D:1      | RatsInWalls set off with the following items: a +0
                  | shortbow, a potion of haste, a potion of berserk rage, 27
                  | arrows, a +0 ring mail
     0 | D:1      | Reached XP level 1. HP: 15/15 MP: 1/1
   350 | D:1      | Reached XP level 2. HP: 18/21 MP: 2/2
   625 | D:1      | Found a faded altar of an unknown god.
   698 | D:1      | Prayed at the altar of an unknown god.
   698 | D:1      | Became a worshipper of Xom of Chaos
   969 | D:1      | Reached XP level 3. HP: 22/26 MP: 3/3
   978 | D:1      | XOM: silly message
  1119 | D:1      | XOM: god gift: 24 stones
  1325 | D:2      | Reached skill level 1 in Stealth
  1389 | D:2      | XOM: 2-stop teleportation journey
  1390 | D:2      | Found an iron altar of Okawaru.
  1390 | D:2      | XOM: 2-stop teleportation journey
  1745 | D:2      | Identified the +5 falchion of the Saving Augurer
                  | {antimagic, Fly rCorr Str-3}
  1794 | D:2      | XOM: noise
  1862 | D:2      | Reached XP level 4. HP: 33/33 MP: 4/4
  2059 | D:2      | XOM: noise
  2159 | D:2      | XOM: divination: detect creatures
  2570 | D:3      | XOM: 10-stop teleportation journey
  2815 | D:3      | Found a glowing golden altar of the Shining One.
  3273 | D:3      | XOM: divination: detect creatures
  3361 | D:4      | Noticed Natasha
  3366 | D:4      | XOM: give mutations
  3366 | D:4      | Gained mutation: You occasionally shout uncontrollably at
                  | your foes. [Xom's mischief]
  3366 | D:4      | Gained mutation: You frequently scream uncontrollably at
                  | your foes. [Xom's mischief]
  3370 | D:4      | Killed Natasha
  3371 | D:4      | Reached skill level 1 in Long Blades
  3371 | D:4      | Reached XP level 5. HP: 23/39 MP: 5/5
  3528 | D:4      | Noticed Natasha
  3584 | D:4      | Noticed an orc warrior
  3593 | D:4      | XOM: 1-stop teleportation journey
  3645 | D:4      | XOM: give mutations
  3645 | D:4      | Gained mutation: You are clumsy. (Dex -2) [Xom's mischief]
  3645 | D:4      | Gained mutation: Armour fits poorly on your strangely
                  | shaped body. [Xom's mischief]
  3645 | D:4      | Gained mutation: Your magical capacity is low. (-10% MP)
                  | [Xom's mischief]
  3709 | D:4      | Found a hazy altar of Hepliaklqana.
  3748 | D:4      | Noticed a lemure
  3750 | D:4      | Noticed a lemure
  3775 | D:4      | HP: 1/58 [lemure[Pikel] (3)]
  3777 | D:4      | Killed a lemure
  3782 | D:4      | Killed a lemure
  3987 | D:4      | XOM: god gift: 46 gold pieces
  4042 | D:4      | XOM: 4-stop teleportation journey
  4053 | D:3      | Slain by an orc priest

Illustrated notes

Levels and vault maps discovered:
D:1:      dpeg_arrival_tiny_d, layout_loops_ring,
          chequers_ecumenical_altar_lobes
D:2:      layout_basic, basic_altar
D:3:      layout_basic, marbit_many_paths, kennysheep_generic_room_13
D:4:      layout_rooms, worldfamousw_hep_ancestral_shrine, uniq_pikel,
          uniq_natasha

Skill      XL: |  1  2  3  4 |
---------------+-------------+-----
Stealth        | 1 |  1.9
Dodging        | 2 |  2.5
Fighting       | 2 |  2.5
Long Blades    | 1 |  1.2
Armour         | 3 |  3.1
Bows           | |  2.0
Unarmed Combat | |  4.0

Action                   |  1- 3 |  4- 6 || total
-------------------------+-------+-------++-------
Melee: Unarmed           |   126 |   122 ||   248
       Punch             |     2 |     6 ||     8
 Fire: Shortbow          |     3 |       ||     3
  Use: Scroll            |       |     2 ||     2
       Potion            |       |     2 ||     2
 Stab: Sleeping          |       |     1 ||     1
Armor: Ring mail         |    53 |    49 ||   102
Dodge: Dodged            |    73 |    65 ||   138
